 Dungeon Crawl Stone Soup version 0.29.1-2-gbd0b4ee654 (webtiles) character file.

Game seed: 14081049474475773555

57794 Lutefisk the Geomancer (level 15, -3/118 HPs)
             Began as a Meteoran Earth Elementalist on Oct 29, 2022.
             Was a High Priest of Hepliaklqana.
             Constricted to death by a shambling mangrove (19 damage)
             ... on level 2 of the Swamp.
             The game lasted 01:15:27 (5877 turns).

Lutefisk the Geomancer (MeEE)                       Turns: 5877, Time: 01:15:27

Health: -3/118     AC: 16    Str: 10    XL:     15   Next: 71%
Magic:  3/32       EV: 14    Int: 23    God:    Hepliaklqana [*****.]
Gold:   1013       SH: 14    Dex: 23    Spells: 28/39 levels left

rFire   . . .      SeeInvis .   V - +6 demon trident
rCold   . . .      Faith    .   U - +0 kite shield
rNeg    . . .      Spirit   .   I - +0 swamp dragon scales
rPois   +          Reflect  .   l - +0 helmet
rElec   .          Harm     .   e - scarf {repulsion}
rCorr   +          Rampage  .   s - +0 pair of gloves
Will    +....                   c - +2 pair of boots
Stlth   +.........              C - amulet of regeneration
HPRegen 1.09/turn               h - +6 ring of dexterity
MPRegen 0.23/turn               r - ring of resist corrosion

@: grasped by roots, glowing, constricted, repel missiles
A: reduced essence, sense surroundings 2, otherworldly, glowing, explore regen
a: Renounce Religion, Recall Ancestor, Ancestor Identity, Transference, Idealise


You were on level 2 of the Swamp.
You worshipped Hepliaklqana.
Hepliaklqana was extremely pleased with you.
You visited 3 branches of the dungeon, and saw 18 of its levels.
You also visited: Ossuary.

You collected 1013 gold pieces.

Inventory:

Hand Weapons
 z - the +10 whip of Puheikhlari {vorpal, +Blink rCorr Dex-2}
   (You found it on level 3 of the Lair of Beasts)

   It inflicts extra damage upon your enemies.
   Dex:       It affects your dexterity (-2).
   +Blink:    It lets you blink.
   rCorr:     It protects you from acid and corrosion.
 V - a +6 demon trident (weapon)
Missiles
 a - 6 throwing nets
 P - 6 curare-tipped darts (quivered)
Armour
 c - a +2 pair of boots (worn)
 e - a scarf of repulsion (worn)
 i - +0 acid dragon scales
 l - a +0 helmet (worn)
 s - a +0 pair of gloves (worn)
 F - a +2 robe of willpower
 I - +0 swamp dragon scales (worn)
 U - a +0 kite shield (worn)
Magical Staves
 n - a staff of death
 H - a staff of air
Jewellery
 h - a +6 ring of dexterity (left hand)
 r - a ring of resist corrosion (right hand)
 C - an amulet of regeneration (around neck)
 G - an amulet of faith
 Y - a ring of wizardry
 Z - an amulet of the acrobat
Wands
 k - a wand of iceblast (4)
 w - a wand of polymorph (7)
 y - a wand of digging (14)
 R - a wand of flame (7)
 X - a wand of quicksilver (2)
Scrolls
 f - 3 scrolls of immolation
 g - 3 scrolls of blinking
 j - 3 scrolls of amnesia
 u - 2 scrolls of brand weapon {unknown}
 v - 3 scrolls of enchant armour {unknown}
 D - 2 scrolls of enchant weapon {unknown}
 E - 3 scrolls of vulnerability {unknown}
 K - 6 scrolls of teleportation
 L - a scroll of butterflies {unknown}
 O - a scroll of torment {unknown}
 Q - 2 scrolls of fear {unknown}
 S - a scroll of poison {unknown}
 T - 3 scrolls of magic mapping {unknown}
Potions
 b - 3 potions of magic
 d - 6 potions of curing
 m - 2 potions of invisibility {unknown}
 o - a potion of brilliance {unknown}
 p - 5 potions of lignification
 q - 2 potions of attraction {unknown}
 t - 3 potions of haste
 x - 5 potions of might
 A - 4 potions of mutation
 B - 2 potions of cancellation {unknown}
 J - a potion of flight {unknown}
 M - 2 potions of heal wounds
 N - a potion of resistance {unknown}
 W - a potion of berserk rage {unknown}


   Skills:
 - Level 12.0 Fighting
 - Level 10.0 Armour
 - Level 12.0 Dodging
 - Level 1.4 Stealth
 - Level 12.0 Shields
 * Level 12.5 Spellcasting
 - Level 3.0 Conjurations
 - Level 2.0 Necromancy
 - Level 2.0 Transmutations
 - Level 14.0 Earth Magic
 - Level 6.0 Invocations
 - Level 6.0 Evocations


You had 28 spell levels left.
You knew the following spells:

 Your Spells              Type           Power      Damage    Failure   Level
a - Sandblast             Erth           100%       2d20      1%          1
b - Passwall              Tmut/Erth      41%        N/A       1%          2
c - Stone Arrow           Conj/Erth      100%       3d13      1%          3
d - Borgnjor's Vile Clut  Necr/Erth      25%        N/A       21%         5

Your spell library contained the following spells:

 Spells                   Type           Power      Damage    Failure   Level
 Petrify                  Tmut/Erth      50%        N/A       7%          4
 Animate Armour           Summ/Erth      92%        N/A       11%         4
 Slow                     Hex            56%        N/A       19%         1
 Vampiric Draining        Necr           23%        2d7       26%         3
 Poisonous Vapours        Pois/Air       28%        N/A       28%         2
 Confusing Touch          Hex            14%        N/A       50%         3
 Portal Projectile        Hex/Tloc       28%        N/A       50%         3
 Tukima's Dance           Hex            14%        N/A       50%         3
 Animate Dead             Necr           23%        N/A       63%         4
 Iron Shot                Conj/Erth      26%        9d6       65%         6
 Corpse Rot               Necr/Pois/Air  17%        N/A       82%         4
 Blade Hands              Tmut           11%        N/A       93%         5
 Summon Forest            Summ/Tloc      7%         N/A       99%         5
 Summon Mana Viper        Hex/Summ       14%        N/A       99%         5
 Death Channel            Necr           11%        N/A       100%        6
 Summon Cactus Giant      Summ           7%         N/A       100%        6


Dungeon Overview and Level Annotations

Branches:
Dungeon (11/15) Zot: 2522    Lair (5/5) D:11 Zot: 1388   Swamp (2/4) Lair:3 Zot: 736
 Spider (0/4) Lair:3        Slime (0/5) Lair:4      Ossuary (visited)
 Temple: D:4-7          Orc: D:9-12

Altars:
Ashenzari
Cheibriados
Elyvilon
Hepliaklqana
Kikubaaqudgha
Sif Muna
Trog
Vehumet
Zin
Jiyva

Annotations:
Lair:4 1 transporter, 1 runed translucent door


Innate Abilities, Weirdness & Mutations

Your life essence is reduced to manifest your ancestor. (-10% HP)
You passively map the area around you.
You are easily found by Zot.
You glow in the dark.
You regain HP and MP as you explore.


Message History

Aiming: Sandblast (safe; 1% risk of failure)
Press: ? - help, Shift-Dir - straight line, f/p - shambling mangrove
Aim: a shambling mangrove (steam, almost destroyed, 99% to hit)
The blast of sand hits the shambling mangrove.
The shambling mangrove is almost destroyed.
The shambling mangrove hits you! The grasping roots constrict you.
Unknown command.
Aiming: Throw Flame
Press: ? - help, Shift-Dir - straight line, f/p - shambling mangrove
Aim: a shambling mangrove (steam, almost destroyed, 98% to hit)
The puff of flame hits the shambling mangrove but does no damage.
The shambling mangrove is almost destroyed.
You block the shambling mangrove's attack.
The grasping roots constrict you!
Aiming: Throw Flame
Press: ? - help, Shift-Dir - straight line, f/p - shambling mangrove
Aim: a shambling mangrove (almost destroyed, 98% to hit)
The puff of flame hits the shambling mangrove but does no damage.
The shambling mangrove is almost destroyed.
Unknown command.
Aiming: Throw Flame
Press: ? - help, Shift-Dir - straight line, f/p - shambling mangrove
Aim: a shambling mangrove (almost destroyed, 98% to hit)
The puff of flame hits the shambling mangrove but does no damage.
The shambling mangrove is almost destroyed.
You are engulfed in a cloud of scalding steam.
The shambling mangrove barely misses you.
The grasping roots constrict you!
Casting: Sandblast (safe; 1% risk of failure)
Confirm with . or Enter, or press ? or * to list all spells.
Aiming: Sandblast (safe; 1% risk of failure)
Press: ? - help, Shift-Dir - straight line, f/p - shambling mangrove
Aim: a shambling mangrove (steam, severely damaged, 99% to hit)
The blast of sand hits the shambling mangrove but does no damage.
The shambling mangrove is severely damaged.
You are engulfed in a cloud of scalding steam.
The shambling mangrove hits you!!
* * * LOW HITPOINT WARNING * * *
The grasping roots constrict you!!
You die...

~~..~§...>...♣~...♣
~~~~~~..~♣♣♣♣♣~...♣
.~~~~~~.♣♣ ♣♣~~..*
..~~~~~.♣ ♣♣.~~~,*
.♣~.~~.♣♣ ♣.... ♣♣
♣♣♣~)♣♣♣ *♣..♣♣♣.♣♣
♣♣~....~♣♣ ♣~....~~♣
.~......~♣♣♣♣.§§§..♣*
..~.~...~.~♣~†§f@♣♣♣
~~..~~†§~~§~~~§§§~♣
♣♣#♣♣..f#♣♣#♣♣♣§~~§♣
♣......†..♣* ♣~.~♣♣*
.(♣♣♣♣†♣♣~♣..♣♣~.~♣ *
* ,..R§ .♣ .♣..~..
*♣♣♣.♣♣*♣ #~.~§. * ,
.)., *♣...♣.♣* *
♣f♣** *


You could see a shambling mangrove.

Vanquished Creatures
  A thorn hunter (Swamp:2)
  A boulder beetle (Lair:2)
  3 hydras
  A catoblepas (Lair:5)
  3 two-headed ogres
  An alligator (Swamp:2)
  5 death yaks
  2 goliath frogs (Swamp:1)
  2 lindwurms
  2 bog bodies
  A swamp dragon (Swamp:1)
  3 oklob plants (Lair:1)
  A cyclops (D:11)
  2 will-o-the-wisps (Swamp:1)
  3 elephants (Lair:3)
  An ice statue (Lair:5)
  6 cane toads
  2 komodo dragons
  Psyche (D:9)
  A polar bear (Lair:5)
  5 tyrant leeches (Swamp:1)
  A bloated husk (Swamp:1)
  A meliai (Lair:3)
  2 hornets
  2 trolls
  6 blink frogs
  8 dream sheep
  2 spriggans
  3 water elementals (D:11)
  2 wyverns
  12 yaks
  A basilisk (Lair:2)
  5 vampire mosquitoes
  An acid dragon (D:11)
  3 swamp worms
  8 water moccasins
  A black bear (D:7)
  6 ice beasts
  An orc warrior (D:8)
  5 centaurs
  2 phantoms (D:6)
  2 kobold brigands
  2 gnoll sergeants
  4 bullfrogs
  3 necrophages
  3 wights (D:8)
  22 killer bees
  3 electric eels
  2 howler monkeys (D:11)
  2 jellies (D:6)
  An orc priest (D:7)
  A hound (D:4)
  Jessica (D:2)
  Natasha (twice) (D:2)
  2 iguanas
  2 orc wizards
  4 hell rats (Lair:2)
  4 mummies (Ossuary)
  Robin (D:2)
  11 gnolls
  8 adders
  A white imp (D:6)
  2 worms
  4 dart slugs
  16 orcs
  3 endoplasms
  A giant cockroach (D:2)
  15 goblins
  10 hobgoblins
  7 jackals
  11 kobolds
  6 quokkas
  6 ball pythons
  6 bats
  3 frilled lizards (D:1)
  A hobgoblin zombie (Ossuary)
  2 rats
  2 rat zombies (D:7)
295 creatures vanquished.

Vanquished Creatures (collateral kills)
  Rupert (Lair:5)
  An eleionoma (Swamp:1)
  2 hydras
  2 alligators (Swamp:2)
  A two-headed ogre (D:9)
  6 death yaks
  Urug (D:10)
  A spriggan berserker (Swamp:2)
  3 lindwurms
  A bog body (Swamp:1)
  A will-o-the-wisp (Swamp:2)
  An elephant (Lair:3)
  A black mamba (Lair:5)
  2 unseen horrors (D:11)
  2 komodo dragons
  5 cane toads
  A rime drake (Lair:5)
  A kobold demonologist (D:10)
  A freezing wraith (Lair:5)
  A tyrant leech (Swamp:1)
  2 polar bears (Lair:4)
  A hornet (Swamp:1)
  10 blink frogs
  4 dream sheep (Lair:5)
  2 wyverns
  A wraith (D:9)
  13 yaks
  A water elemental (D:11)
  A vampire (D:11)
  4 vampire mosquitoes (Lair:3)
  A basilisk (D:11)
  A steam dragon (D:8)
  An acid dragon (D:9)
  6 water moccasins
  A sky beast (D:8)
  2 ice beasts
  2 orc warriors (D:10)
  An ogre (D:7)
  3 wolves (Lair:1)
  2 centaurs
  A phantom (D:5)
  A kobold brigand (D:9)
  Blork the orc (D:4)
  4 bullfrogs
  A scorpion (D:5)
  3 killer bees
  An electric eel (D:8)
  2 centaur zombies (Ossuary)
  A jelly (D:7)
  3 iguanas
  2 orc wizards (D:7)
  2 mummies (Ossuary)
  An adder (D:6)
  2 gnolls (D:8)
  2 white imps
  A dart slug (D:4)
  6 orcs
  A ball python (D:4)
  A quokka (D:5)
  4 kobolds
134 creatures vanquished.

Vanquished Creatures (others)
  An electric eel (D:8)
  10 battlemagi
  A kobold (D:9)
  3 briar patches (Swamp:2)
  2 bushes (D:11)
  2 foxfires (Swamp:1)
  12 fungi
  46 plants
  3 withered plants (Lair:5)
80 creatures vanquished.

Grand Total: 509 creatures vanquished

Notes
Turn   | Place    | Note
-------+----------+-------------------------------------------
     0 | D:1      | Lutefisk the Meteoran Earth Elementalist began the quest
                  | for the Orb.
     0 | D:1      | Reached XP level 1. HP: 14/14 MP: 5/5
    26 | D:1      | Reached XP level 2. HP: 10/22 MP: 3/6
    27 | D:1      | Reached skill level 1 in Fighting
    40 | D:1      | Reached skill level 4 in Earth Magic
   145 | D:1      | Reached XP level 3. HP: 29/29 MP: 1/8
   312 | D:1      | Reached XP level 4. HP: 34/37 MP: 3/9
   364 | D:2      | Noticed Robin
   368 | D:2      | Killed Robin
   419 | D:2      | Noticed Natasha
   426 | D:2      | Killed Natasha
   427 | D:2      | Reached skill level 5 in Earth Magic
   427 | D:2      | Reached XP level 5. HP: 45/45 MP: 4/10
   437 | D:2      | Found a faded altar of an unknown god.
   503 | D:2      | Reached skill level 1 in Armour
   645 | D:3      | Learned a level 2 spell: Passwall
   773 | D:3      | Reached XP level 6. HP: 17/51 MP: 5/11
   833 | D:2      | Noticed Jessica
   835 | D:2      | Reached skill level 1 in Evocations
   844 | D:2      | Killed Jessica
   877 | D:2      | Learned a level 3 spell: Stone Arrow
   892 | D:2      | Found a hazy altar of Hepliaklqana.
   899 | D:2      | Became a worshipper of Hepliaklqana the Forgotten
   938 | D:2      | Noticed Natasha
   941 | D:2      | Killed Natasha
   950 | D:3      | Found a shimmering blue altar of Sif Muna.
  1056 | D:3      | Reached skill level 1 in Conjurations
  1116 | D:5      | Entered Level 5 of the Dungeon
  1224 | D:4      | Reached XP level 7. HP: 59/59 MP: 10/14
  1324 | D:4      | Reached * piety under Hepliaklqana
  1413 | D:4      | Noticed Blork the orc
  1419 | D:4      | Killed Blork the orc
  1762 | D:5      | Reached XP level 8. HP: 58/60 MP: 9/15
  1775 | D:5      | Found a snail-covered altar of Cheibriados.
  1849 | D:5      | Reached skill level 5 in Fighting
  1849 | D:5      | Reached skill level 5 in Spellcasting
  1849 | D:5      | Reached skill level 6 in Earth Magic
  2137 | D:6      | Found a radiant altar of Vehumet.
  2138 | D:6      | Found a white marble altar of Elyvilon.
  2179 | D:6      | Reached ** piety under Hepliaklqana
  2180 | D:6      | Remembered your ancestor Wilburh as a battlemage
  2191 | D:6      | Reached skill level 7 in Earth Magic
  2194 | D:6      | Found a bloodstained altar of Trog.
  2252 | D:7      | Found a sand-covered staircase.
  2261 | Ossuary  | Entered an ossuary
  2346 | D:7      | Gained mutation: You passively map the area around you.
                  | [Meteoran growth]
  2346 | D:7      | Reached XP level 9. HP: 63/66 MP: 17/19
  2406 | D:7      | Reached skill level 8 in Earth Magic
  2564 | D:8      | Found a hazy altar of Hepliaklqana.
  2622 | D:7      | Reached skill level 1 in Necromancy
  2633 | D:7      | Reached XP level 10. HP: 77/77 MP: 16/23
  2639 | D:7      | Reached *** piety under Hepliaklqana
  2722 | D:8      | Reached skill level 9 in Earth Magic
  2736 | D:8      | Learned a level 5 spell: Borgnjor's Vile Clutch
  2777 | D:8      | Reached skill level 10 in Earth Magic
  2851 | D:8      | Reached skill level 1 in Shields
  2972 | D:8      | Noticed a komodo dragon
  2972 | D:8      | Noticed a centaur warrior
  2974 | D:8      | Noticed a six-headed hydra
  2975 | D:8      | Noticed a gargoyle
  2976 | D:9      | Noticed a two-headed ogre
  2981 | D:9      | Killed a two-headed ogre
  2996 | D:9      | Reached XP level 11. HP: 79/84 MP: 18/25
  3012 | D:9      | Noticed Psyche
  3015 | D:9      | Killed Psyche
  3090 | D:9      | Noticed a two-headed ogre
  3096 | D:9      | Killed a two-headed ogre
  3097 | D:9      | Reached skill level 10 in Spellcasting
  3239 | D:9      | Noticed a two-headed ogre
  3243 | D:9      | Killed a two-headed ogre
  3253 | D:10     | Entered Level 10 of the Dungeon
  3253 | D:10     | Noticed Urug
  3258 | D:10     | Killed Urug
  3268 | D:10     | Reached skill level 10 in Fighting
  3313 | D:9      | Found a glowing silver altar of Zin.
  3354 | D:10     | Found an ancient bone altar of Kikubaaqudgha.
  3601 | D:10     | Reached **** piety under Hepliaklqana
  3632 | D:11     | Reached skill level 1 in Invocations
  3632 | D:11     | Reached XP level 12. HP: 95/95 MP: 25/27
  3776 | D:11     | Noticed a six-headed hydra
  3779 | D:11     | Reached skill level 10 in Shields
  3779 | D:11     | Noticed a two-headed ogre
  3794 | D:11     | Killed a six-headed hydra
  3820 | D:11     | Reached skill level 11 in Earth Magic
  3820 | D:11     | Reached skill level 5 in Invocations
  3821 | D:11     | Killed a two-headed ogre
  3832 | D:11     | Reached skill level 12 in Earth Magic
  3937 | D:11     | Found a staircase to the Lair.
  3944 | D:11     | Reached skill level 5 in Armour
  3944 | D:11     | Reached skill level 5 in Dodging
  3955 | Lair:1   | Entered Level 1 of the Lair of Beasts
  4122 | Lair:1   | Reached XP level 13. HP: 57/101 MP: 0/28
  4135 | Lair:2   | Noticed a boulder beetle
  4152 | Lair:2   | Killed a boulder beetle
  4241 | Lair:2   | Reached ***** piety under Hepliaklqana
  4396 | Lair:2   | Noticed a death yak
  4398 | Lair:2   | Noticed a death yak
  4401 | Lair:2   | Noticed a death yak
  4405 | Lair:2   | Killed a death yak
  4408 | Lair:2   | Killed a death yak
  4410 | Lair:2   | Killed a death yak
  4525 | Lair:3   | Found a staircase to the Swamp.
  4530 | Lair:3   | Noticed a death yak
  4531 | Lair:3   | Noticed a death yak
  4531 | Lair:3   | Noticed a death yak
  4534 | Lair:3   | Noticed a death yak
  4537 | Lair:3   | Killed a death yak
  4538 | Lair:3   | Killed a death yak
  4544 | Lair:3   | Killed a death yak
  4548 | Lair:3   | Reached XP level 14. HP: 49/108 MP: 12/31
  4553 | Lair:3   | Reached skill level 10 in Armour
  4553 | Lair:3   | Reached skill level 10 in Dodging
  4611 | Lair:3   | Found a broken altar of Ashenzari.
  4719 | Lair:5   | Entered Level 5 of the Lair of Beasts
  4751 | Lair:5   | Noticed Rupert
  4761 | Lair:5   | Killed Rupert
  4797 | Lair:5   | Reached skill level 13 in Earth Magic
  4874 | Lair:5   | Identified the +2 robe of Xihargh {Regen+ Str+4}
  4915 | Lair:5   | Noticed a dire elephant
  4915 | Lair:5   | Noticed a dire elephant
  4915 | Lair:5   | Noticed a dire elephant
  4921 | Lair:5   | Reached skill level 14 in Earth Magic
  5055 | Lair:5   | Reached skill level 5 in Evocations
  5093 | Lair:4   | Reached XP level 15. HP: 118/118 MP: 24/32
  5218 | Lair:4   | Found a transporter.
  5279 | Lair:4   | Found a runed translucent door.
  5279 | Lair:4   | Found a viscous altar of Jiyva.
  5280 | Lair:4   | Noticed an acid blob
  5283 | Lair:4   | Noticed an acid blob
  5284 | Lair:4   | Found a staircase to the Slime Pits.
  5399 | Lair:3   | Found a hole to the Spider Nest.
  5446 | Lair:3   | Identified the +10 whip of Puheikhlari {vorpal, +Blink
                  | rCorr Dex-2}
  5476 | Swamp:1  | Entered Level 1 of the Swamp
  5599 | Swamp:2  | Noticed a thorn hunter
  5607 | Swamp:2  | HP: 3/118 [alligator (13)]
  5785 | Swamp:2  | Killed a thorn hunter
  5877 | Swamp:2  | Constricted to death by a shambling mangrove

Illustrated notes

Levels and vault maps discovered:
D:1:      dpeg_arrival_round_c, layout_loops_ring, minmay_small_reverse_x
D:2:      kennysheep_big_flooded_room, layout_loops_ring,
          shapermc_ecumenical_altar_flowoftime, basic_altar, uniq_robin,
          uniq_natasha, uniq_jessica
D:3:      layout_basic, old_standard_altar
D:4:      layout_rooms, eino_small_chamber_without_monster, roderic_lattice_a,
          uniq_blork_the_orc
D:5:      layout_loops_corners, lemuel_doored_altar
D:6:      layout_basic, jmf_multi_god_temple,
          mainiacjoe_overflow_concentric_impassable
D:7:      cheibrodos_helix_gallery, layout_loops_ring,
          minmay_temple_entry_poolview, enter_ossuary_4
D:8:      layout_cave_pools, nicolae_hepliaklqana_hazy_memory, serial_bayou,
          serial_bayou_lagoon_a, serial_bayou_pond_e, serial_bayou_pond_b,
          serial_bayou_lake_a, kennysheep_minor_cross, kennysheep_doodads,
          onia_ninara_dug_in_and_dangerous
D:9:      layout_roguey, zin_scriptorium, chequers_serial_rivers_small_b,
          uniq_psyche
D:10:     layout_rooms, mainiacjoe_overflow_alcove_4, uniq_urug
D:11:     layout_roguey, minmay_lair_entry_grove, minmay_stone_trees_large,
          skrybe_limestone_x, nicolae_underground_beach
Lair:1:   dpeg_oklob_gauntlet, layout_long_grid, grunt_megastairs_3
Lair:2:   layout_roguey [special_room_bee], minmay_lindwurm_lava
Lair:3:   layout_cave_pods, minmay_swamp_entry_swarm,
          hellmonk_spider_entry_not_the_bees, lemuel_centaur_altar,
          infiniplex_staircase_pool
Lair:4:   gammafunk_worm_tunnel, layout_cellular_growth, slime_entry_2
Lair:5:   due_jungle_book, layout_regular_city, st_stairs_5, ice2_lemuel,
          uniq_rupert
Swamp:1:  layout_falls_marsh, nicolae_swamp_little_swirl
Swamp:2:  nzn_winding_woodlands_small [nzn_winding_woodlands_5x15_eye,
          nzn_winding_woodlands_center_diamonds,
          nzn_winding_woodlands_5x15_river_crossing], layout_basic_swamp,
          nicolae_swamp_bean_lake, swamp_pool2, beargit_kiku_chapel,
          infiniplex_staircase_pool_2

Skill      XL: |  1  2  3  4  5  6  7  8  9 10 11 12 13 14 15 |
---------------+----------------------------------------------+-----
Fighting       | 2 3 4 5 7 8 10 12 | 12.0
Earth Magic    | 4 5 7 8 10 12 14 | 14.0
Spellcasting   | 3 4 6 8 9 10 12 | 12.5
Armour         | 1 2 4 6 9 10 | 10.0
Dodging        | 3 4 6 9 10 12 | 12.0
Evocations     | 2 5 6 |  6.0
Conjurations   | 1 2 3 |  3.0
Necromancy     | 2 |  2.0
Shields        | 6 9 10 12 | 12.0
Invocations    | 1 5 6 |  6.0
Transmutations | 2 |  2.0
Stealth        | |  1.4

Action                   |  1- 3 |  4- 6 |  7- 9 | 10-12 | 13-15 || total
-------------------------+-------+-------+-------+-------+-------++-------
Melee: Unarmed           |    16 |       |       |       |       ||    16
       Punch             |     1 |       |       |       |       ||     1
       Short sword       |       |     6 |       |       |       ||     6
       Mace              |       |     1 |     3 |     6 |       ||    10
       Demon trident     |       |       |       |    22 |    17 ||    39
Throw: Dart              |       |       |       |       |     4 ||     4
 Cast: Sandblast         |    41 |    90 |    98 |    97 |   166 ||   492
       Passwall          |       |     4 |     2 |     4 |     3 ||    13
       Stone Arrow       |       |       |     1 |    27 |    52 ||    80
       Borgnjor's Vile C |       |       |       |    10 |    47 ||    57
Invok: Ancestor Life: Ba |       |       |     1 |       |       ||     1
       Recall Ancestor   |       |       |       |     4 |     2 ||     6
       Idealise          |       |       |       |       |     5 ||     5
       Transference      |       |       |       |       |     1 ||     1
Evoke: Wand              |       |       |       |     3 |     6 ||     9
  Use: Scroll            |       |       |       |     7 |     7 ||    14
       Potion            |       |       |       |       |     1 ||     1
 Stab: Distracted        |       |       |       |       |     1 ||     1
       Petrified         |       |       |       |       |     2 ||     2
Armor: Robe              |    13 |    14 |    13 |    37 |       ||    77
       Acid dragon scale |       |       |       |       |    93 ||    93
       Swamp dragon scal |       |       |       |       |     5 ||     5
Dodge: Dodged            |    18 |    30 |    48 |    76 |   153 ||   325
       Repelled          |     2 |       |       |     8 |     4 ||    14
Block: Buckler           |       |       |       |    12 |       ||    12
       Kite shield       |       |       |       |   101 |   196 ||   297
